 Dungeon Crawl Stone Soup version 0.29.1-15-g9cfb28693d (webtiles) character file.

Game seed: 7448008859222058174

233 BuddhaDhamma the Chopper (level 5, -3/67 HPs)
             Began as a Minotaur Berserker on Mar 8, 2023.
             Was a Priest of Trog.
             Killed from afar by Natasha (6 damage)
             ... with a magic dart
             ... on level 3 of the Dungeon.
             The game lasted 00:03:54 (3063 turns).

BuddhaDhamma the Chopper (Minotaur Berserker)       Turns: 3063, Time: 00:03:55

Health: -3/67      AC:  5    Str: 24    XL:     5   Next: 75%
Magic:  4/4        EV: 11    Int:  4    God:    Trog [***...]
Gold:   176        SH:  0    Dex:  9    Spells: 4/4 levels left

rFire   . . .      SeeInvis .   a - +0 hand axe
rCold   . . .      Faith    .   (no shield)
rNeg    + . .      Spirit   .   h - +0 ring mail
rPois   .          Reflect  .   (helmet restricted)
rElec   .          Harm     .   (no cloak)
rCorr   .          Rampage  .   (no gloves)
Will    .....                   (no boots)
Stlth   ..........              (no amulet)
HPRegen 0.21/turn               j - ring of positive energy
MPRegen 0.09/turn               (no ring)

@: berserking, very quick
A: horns 2, retaliatory headbutt
a: Renounce Religion, Berserk, Trog's Hand


You were on level 3 of the Dungeon.
You worshipped Trog.
Trog was most pleased with you.
You visited 1 branch of the dungeon, and saw 3 of its levels.

You collected 176 gold pieces.

Inventory:

Hand Weapons
 a - a +0 hand axe (weapon)
Missiles
 f - 2 javelins (quivered)
Armour
 h - a +0 ring mail (worn)
Jewellery
 b - a ring of ice
 c - a ring of protection from cold
 j - a ring of positive energy (left hand)
Scrolls
 e - a scroll of enchant weapon {unknown}
 g - a scroll of identify {unknown}
 i - a scroll of fear {unknown}
 k - 2 scrolls of magic mapping {unknown}
 m - a scroll of torment {unknown}
 n - a scroll of poison {unknown}
Potions
 d - a potion of ambrosia {unknown}
 l - 2 potions of curing {unknown}


   Skills:
 - Level 3.6 Fighting
 + Level 7.9 Axes
 - Level 2.4 Armour
 - Level 2.1 Dodging


You had 4 spell levels left.
You didn't know any spells.
Your spell library was empty.

Dungeon Overview and Level Annotations

Branches:
Dungeon (3/15)

Altars:

Shops:
D:3 (

Annotations:
D:3 Natasha


Innate Abilities, Weirdness & Mutations

You have a pair of horns on your head.
You reflexively headbutt those who attack you in melee.


Message History

The gnoll misses you. You furiously retaliate!
You headbutt the gnoll.
Natasha and a gnoll come into view.
Natasha is carrying a wand of digging (2).
Natasha hisses angrily.
The gnoll shouts!
The gnoll closely misses you. The gnoll barely misses you.
Natasha zaps a wand.
You hear a grinding noise.
The gnoll closely misses you. You furiously retaliate!
You headbutt the gnoll.
The endoplasm hits you but does no damage.
You hit the gnoll. Your headbutt misses the gnoll.
The gnoll is heavily wounded.
You hit the endoplasm. The gnoll closely misses you.
The gnoll hits you from afar with a +3 halberd.
The endoplasm freezes you.
You are frozen.
* * * LOW HITPOINT WARNING * * *
You closely miss the gnoll. You headbutt the gnoll.
You kill the gnoll!
Trog accepts your kill.
You hit the endoplasm.
You kill the endoplasm!
Trog accepts your kill.
The gnoll hits you from afar with a +3 halberd!
* * * LOW HITPOINT WARNING * * *
The gnoll closely misses you.
Natasha zaps a wand.
Some rock shatters into small pieces.
The now-empty wand crumbles to dust.
You see here a +0 whip.
A red film seems to cover your vision as you go berserk!
You feel yourself moving faster!
You feel mighty!
The gnoll hits you from afar with a +3 halberd.
* * * LOW HITPOINT WARNING * * *
You feel a strong urge to attack something.
The gnoll closely misses you.
You closely miss Natasha. You headbutt Natasha!
Natasha is heavily wounded.
The gnoll misses you.
You closely miss Natasha. You headbutt Natasha.
Natasha is almost dead.
Natasha casts a spell at you. The magic dart hits you.
You die...

#.##.##...###.##.#
#................#
#######.##########
#.#### #.#..#
##...# ##...##
#.))..# ##@....#
#.h)...# #..g...##
............#
.##.###....## #.
###.... # #.####
.# '#


You could see Natasha and a gnoll.

Vanquished Creatures
  Natasha (twice) (D:3)
  7 gnolls
  4 adders
  2 worms (D:2)
  A dart slug (D:1)
  5 endoplasms
  4 giant cockroaches
  8 hobgoblins
  6 jackals (D:1)
  2 quokkas
  3 ball pythons (D:3)
  5 bats
  6 frilled lizards
  5 goblins
  13 kobolds
  6 rats
79 creatures vanquished.

Vanquished Creatures (others)
  6 plants (D:1)
6 creatures vanquished.

Grand Total: 85 creatures vanquished

Notes
Turn   | Place    | Note
-------+----------+-------------------------------------------
     0 | D:1      | BuddhaDhamma the Minotaur Berserker began the quest for the
                  | Orb.
     0 | D:1      | Reached XP level 1. HP: 19/19 MP: 0/0
   197 | D:1      | Reached skill level 4 in Axes
   358 | D:1      | Reached XP level 2. HP: 25/26 MP: 1/1
   860 | D:1      | Reached ** piety under Trog
   865 | D:1      | Reached skill level 5 in Axes
  1038 | D:1      | Reached XP level 3. HP: 31/31 MP: 2/2
  2158 | D:2      | Reached skill level 6 in Axes
  2158 | D:2      | Reached XP level 4. HP: 20/39 MP: 3/3
  2845 | D:3      | Noticed Natasha
  2849 | D:3      | Killed Natasha
  2850 | D:3      | Reached skill level 7 in Axes
  2850 | D:3      | Reached XP level 5. HP: 45/45 MP: 4/4
  2863 | D:3      | Found Qothri's Weapon Shop.
  2880 | D:3      | Reached *** piety under Trog
  3029 | D:3      | Noticed Natasha
  3039 | D:3      | Killed Natasha
  3054 | D:3      | Noticed Natasha
  3060 | D:3      | HP: 3/67 [gnoll/+3 halberd (3)]
  3063 | D:3      | Killed from afar by Natasha

Illustrated notes

Levels and vault maps discovered:
D:1:      dpeg_arrival_oval, layout_basic, minmay_misc_feat_tower,
          lexackson_kobold_supper
D:2:      layout_basic
D:3:      layout_loops_corners, serial_shops, nicolae_shop_statue_plus,
          uniq_natasha

Skill      XL: |  1  2  3  4 |
---------------+-------------+-----
Axes           | 4 5 6 7 |  7.9
Fighting       | |  3.6
Armour         | |  2.4
Dodging        | |  2.1

Action                   |  1- 3 |  4- 6 || total
-------------------------+-------+-------++-------
Melee: Hand axe          |    97 |    63 ||   160
       Headbutt          |     9 |    14 ||    23
       Punch             |     3 |       ||     3
Invok: Berserk           |       |     2 ||     2
Armor: Animal skin       |     6 |       ||     6
       Ring mail         |    23 |    23 ||    46
Dodge: Dodged            |    57 |    51 ||   108
